 Dungeon Crawl Stone Soup version 0.29-a0-323-g050149af67 (webtiles) character file.

Game seed: 12923007408696557724

2 Ajdolov the Gusty (level 1, -1/10 HPs)
             Began as a Tengu Air Elementalist on Apr 10, 2022.
             Slain by a jackal (2 damage)
             ... on level 1 of the Dungeon.
             The game lasted 00:00:33 (297 turns).

Ajdolov the Gusty (Tengu Air Elementalist)           Turns: 297, Time: 00:00:34

Health: -1/10      AC:  2    Str:  8    XL:     1   Next: 30%
Magic:  1/4        EV: 12    Int: 15    God:
Gold:   13         SH:  0    Dex: 14    Spells: 3/4 levels left

rFire   . . .      SeeInvis .   (no weapon)
rCold   . . .      Faith    .   (no shield)
rNeg    . . .      Spirit   .   a - +0 robe
rPois   .          Reflect  .   (helmet restricted)
rElec   .          Harm     .   (no cloak)
rCorr   .          Rampage  .   (no gloves)
Will    .....                   (boots unavailable)
Stlth   ++........              (no amulet)
HPRegen 0.03/turn               (no ring)
MPRegen 0.09/turn               (no ring)

@: no status effects
A: beak, talons 3
a: no special abilities


You were on level 1 of the Dungeon.
You visited 1 branch of the dungeon, and saw 1 of its levels.

You collected 13 gold pieces.

Inventory:

Missiles
 f - 2 throwing nets
Armour
 a - a +0 robe (worn)
Scrolls
 c - a scroll of fear {unknown}
Potions
 b - a potion of magic
 d - a potion of haste {unknown}
 e - a potion of invisibility {unknown}


   Skills:
 - Level 2.1 Dodging
 - Level 2.0 Stealth
 - Level 2.0 Spellcasting
 - Level 1.3 Conjurations
 * Level 4.2 Air Magic


You had 3 spell levels left.
You knew the following spells:

 Your Spells              Type           Power      Damage    Failure   Level
a - Shock                 Conj/Air       36%        1d5       7%          1

Your spell library contained the following spells:

 Spells                   Type           Power      Damage    Failure   Level
 Static Discharge         Conj/Air       9%         N/A       11%         2
 Swiftness                Air            14%        N/A       12%         3
 Foxfire                  Conj/Fire      12%        2x1d4     17%         1
 Conjure Flame            Conj/Fire      3%         6-21      45%         3
 Inner Flame              Hex/Fire       1%         N/A       54%         3
 Airstrike                Air            7%         N/A       36%         4
 Flame Wave               Conj/Fire      3%         2d4       86%         4


Dungeon Overview and Level Annotations

Branches:
Dungeon (1/15)

Altars:


Innate Abilities, Weirdness & Mutations

You have a beak for a mouth.
You have claws for feet.


Message History

A bat comes into view.
Found a glowing sapphire potion.
Found a hunting sling.
The zap hits the bat.
You kill the bat!
No target in view!
d - a fizzy yellow potion You see here a bat corpse.
e - a glowing sapphire potion You see here a +0 hunting sling.
Found 24 stones.
f - 2 throwing nets
Found a dagger.
You see here a +0 dagger.
A bat comes into view.
A quokka and a jackal come into view.
The zap hits the bat.
You kill the bat! 2 jackals come into view.
The jackal barks! x2; You hear a shout! x2
The zap misses the quokka.
The zap hits the jackal but does no damage.
The zap hits the jackal.
The jackal is heavily wounded.
The jackal barks!
You hear a bark!
You hear an angry hiss.
The zap hits the quokka.
The quokka is moderately wounded.
The zap hits the jackal.
The jackal is severely wounded.
A kobold comes into view. It is wielding a +1 dagger of speed.
A jackal comes into view.
The quokka misses you. The jackal barely misses you.
The jackal attacks as you move away! The jackal bites you.
The quokka attacks as you move away! The quokka bites you.
The jackal attacks as you move away!
The jackal bites you but does no damage.
The quokka attacks as you move away! The quokka bites you.
* * * LOW HITPOINT WARNING * * *
The jackal attacks as you move away! The jackal bites you.
You die...

##.# #.###### ##....
##.###.#....# ...K##
....##.#.##.# #.....#
##..##.#..#.## ..... .
##..##.##.#.#.###...##..
##..##....#.#†.#....h...
##...######.##...h..#
.....#....).##.hhr.##
.....#.######...@###
.....#.#....###..#
.....#.#.##.#....#
.....#.#..#.##...#
.....#.##.#.#....#
.....#....#.#.#.##
.....######.#...# ######
#..#.## #....#


You could see a quokka, 4 jackals and a kobold.

Vanquished Creatures
  2 bats (D:1)
  A rat (D:1)
3 creatures vanquished.

Notes
Turn   | Place    | Note
-------+----------+-------------------------------------------
     0 | D:1      | Ajdolov the Tengu Air Elementalist began the quest for the
                  | Orb.
     0 | D:1      | Reached XP level 1. HP: 10/10 MP: 4/4
   297 | D:1      | Slain by a jackal

Illustrated notes

Levels and vault maps discovered:
D:1:      psy_arrival_spokes, layout_rooms, patterned_corridor

Action                   || total
-------------------------++-------
 Cast: Shock             ||     6
Armor: Robe              ||     1
Dodge: Dodged            ||     2

Table legend: (Time is in decaauts)
 A = Elapsed time spent in this place.
 B = Non-inter-level travel time spent in this place.
 C = Inter-level travel time spent in this place.
 D = Time resting spent in this place.
 E = Time spent auto-exploring this place.
 F = Levels seen in this place.
 G = Mean time per level.
                   A        B        C        D        E       F      G
               +--------+--------+--------+--------+--------+-----+--------+
         Total |    297 |    297 |      0 |      0 |    259 |   1 |  297.0 |
       Dungeon |    297 |    297 |      0 |      0 |    259 |   1 |  297.0 |
               +--------+--------+--------+--------+--------+-----+--------+

Top non-repeatable levels by time:
     D:1: 297 daAuts
